 Dungeon Crawl Stone Soup version 0.16-b1-35-g32f0a1a (webtiles) character file.

2583 talyn the Martial Artist (level 9, -2/43 HPs)
             Began as a Vine Stalker Monk on Mar 9, 2015.
             Was a Believer of Ashenzari.
             Slain by Joseph
             ... wielding a +0 quarterstaff of draining
              (6 damage)
             ... on level 7 of the Dungeon.
             The game lasted 00:15:13 (5182 turns).

talyn the Martial Artist (Vine Stalker Monk)        Turns: 5182, Time: 00:15:15

Health: -2/43      AC: 10    Str: 16    XL:     9   Next: 58%
Magic:  0/12       EV: 11    Int: 10    God:    Ashenzari [**....]
Gold:   318        SH:  0    Dex: 18    Spells: 0 memorised, 8 levels left

rFire  . . .     SeeInvis .       - Unarmed
rCold  . . .     Clarity  .     e - +0 scale mail
rNeg   . . .     SustAb   .     (no shield)
rPois  .         Gourm    .     t - +0 helmet
rElec  .         Spirit   +     (no cloak)
rCorr  .         Warding  .     (no gloves)
rMut   .         Stasis   .     p - +0 pair of boots
MR     +....                    (no amulet)
Stlth  +.........               k - +2 ring of evasion
                                a - ring of invisibility

@: heavily drained, somewhat resistant to hostile enchantments, very unstealthy
A: fangs 3, regeneration 2, magic shield, antimagic bite, no device heal 3, rot
immunity
a: Renounce Religion, Evoke Invisibility


You were on level 7 of the Dungeon.
You worshipped Ashenzari.
Ashenzari was pleased with you.
You were not hungry.

You visited 2 branches of the dungeon, and saw 8 of its levels.

You collected 318 gold pieces.

Inventory:

Armour
 e - a +0 scale mail (worn)
 p - a +0 pair of boots (worn)
 t - a +0 helmet (worn)
Jewellery
 a - a ring of invisibility (left hand)
 k - a +2 ring of evasion (right hand)
 l - an uncursed amulet of resist corrosion
Magical devices
 i - a wand of magic darts (15)
 j - a wand of polymorph (11)
 o - a wand of magic darts (34)
Scrolls
 c - a scroll of teleportation
 d - 5 scrolls of remove curse
 r - 3 scrolls of fear
 u - a scroll of enchant armour {unknown}
 v - a scroll of identify
Potions
 f - a potion of lignification
 g - 3 potions of curing
 h - a potion of cancellation
 n - 2 potions of mutation {unknown}
 q - a potion of restore abilities {unknown}
 s - 2 potions of cure mutation {unknown}
Comestibles
 b - 4 bread rations
 m - 2 meat rations


   Skills:
 - Level 2.6(1.1) Fighting
 + Level 7.3(5.6) Armour
 - Level 2.4(0.8) Dodging
 - Level 2.4(0.8) Stealth
 - Level 10.0(8.1) Unarmed Combat


You had 8 spell levels left.
You didn't know any spells.

Dungeon Overview and Level Annotations

Branches:
Dungeon (7/15)             Temple (1/1) D:5

Altars:
Ashenzari
Cheibriados
Dithmenos
Elyvilon
Fedhas
Gozag
Kikubaaqudgha
Makhleb
Nemelex Xobeh
Okawaru
Qazlal
Ru
Sif Muna
Trog
Vehumet
Xom
Yredelemnul
Zin
The Shining One

Annotations:
D:7 Joseph


Innate Abilities, Weirdness & Mutations

You have razor-sharp teeth.
You heal very quickly.
When hurt, damage is shared between your health and your magic reserves.
Your bite disrupts and absorbs the magic of your enemies.
Potions and wands cannot restore your health.
You are immune to rotting.


Message History

Joseph is lightly wounded.
Joseph hits you with an uncursed quarterstaff of draining!
You feel drained.
You closely miss Joseph. You punch Joseph. Your bite misses Joseph.
Joseph is moderately wounded.
Joseph hits you with an uncursed quarterstaff of draining.
You feel drained.
You barely miss Joseph.
Joseph is moderately wounded.
You barely miss Joseph. You punch Joseph!
Joseph is moderately wounded.
Joseph hits you with an uncursed quarterstaff of draining!
You feel drained.
You punch Joseph! Your bite misses Joseph.
Joseph is heavily wounded.
You hear a shout!
Joseph hits you with an uncursed quarterstaff of draining!
* * * LOW HITPOINT WARNING * * *
You feel drained.
You die...

#### #... ##### ########.##
#...#######..........
#............#####.#. ,
#...#######.## #... * ##.##
### ###. * * #..(#########
#.
,,o......#.@((.....########.
* ...##o.@#######.##.......
*#. #...S. ** ##.####..
#,*#.#.### .......... #.#.*
, ,......... * #.#.
##.##.... .., , # *#.#.. ..
* * #.... * * *#....


You could see Joseph, an orc and a ball python.

Vanquished Creatures
  The ghost of axaxaxas the Basher, an experienced FoFi of Cheibriados (D:6)
  A hippogriff (D:7)
  The ghost of Sagittarian the Grave Robber, an average DsNe (D:4)
  A necrophage (D:6)
  2 black bears (D:6)
  An ogre (D:5)
  3 centaurs
  Blork the orc (D:4)
  2 scorpions
  3 wights (D:5)
  A giant frog zombie (D:5)
  2 goliath beetles (D:7)
  A jelly (D:7)
  3 crimson imps
  4 orc priests
  A hound (D:4)
  4 worker ants
  3 orc wizards
  A centaur skeleton (D:4)
  An iguana (D:6)
  Terence (D:3)
  10 gnolls
  15 adders
  3 giant mites
  A shadow imp (D:6)
  2 worms (D:3)
  5 giant geckos
  25 orcs
  8 bats
  9 giant cockroaches
  9 goblins
  15 hobgoblins
  4 quokkas
  6 ball pythons
  A giant newt (D:2)
  19 jackals
  A jackal zombie (D:5)
  11 kobolds
  A quokka skeleton (D:4)
  13 rats
196 creatures vanquished.

Notes
Turn   | Place    | Note
--------------------------------------------------------------
     0 | D:1      | talyn, the Vine Stalker Monk, began the quest for the Orb.
     0 | D:1      | Reached XP level 1. HP: 11/11 MP: 1/1
   123 | D:1      | Reached XP level 2. HP: 16/16 MP: 3/3
   523 | D:2      | Reached XP level 3. HP: 19/19 MP: 4/4
   569 | D:2      | Reached skill level 5 in Unarmed Combat
   665 | D:2      | Reached XP level 4. HP: 20/23 MP: 5/5
  1136 | D:2      | Reached skill level 6 in Unarmed Combat
  1219 | D:3      | Reached XP level 5. HP: 27/27 MP: 7/7
  1598 | D:3      | Noticed Terence
  1624 | D:3      | Killed Terence
  1630 | D:3      | Reached skill level 7 in Unarmed Combat
  1697 | D:3      | Gained mutation: You heal very quickly. [vine stalker growth]
  1697 | D:3      | Reached XP level 6. HP: 22/32 MP: 6/8
  2658 | D:4      | Noticed Sagittarian's ghost (average DsNe)
  2666 | D:4      | Killed Sagittarian's ghost
  2666 | D:4      | Reached skill level 8 in Unarmed Combat
  2666 | D:4      | Reached XP level 7. HP: 25/35 MP: 5/9
  2819 | D:4      | Noticed Blork the orc
  2825 | D:4      | Killed Blork the orc
  2909 | D:4      | Reached skill level 9 in Unarmed Combat
  3395 | D:5      | Entered Level 5 of the Dungeon
  3498 | D:5      | Gained mutation: You have razor-sharp teeth. [vine stalker growth]
  3498 | D:5      | Reached XP level 8. HP: 33/39 MP: 8/11
  3576 | D:5      | Reached skill level 10 in Unarmed Combat
  3609 | D:5      | Reached skill level 1 in Armour
  3872 | D:5      | Found a staircase to the Ecumenical Temple.
  4041 | Temple   | Entered the Ecumenical Temple
  4138 | Temple   | Became a worshipper of Ashenzari the Shackled
  4138 | Temple   | Acquired Ashenzari's first power
  4452 | D:6      | Noticed axaxaxas' ghost (experienced FoFi)
  4465 | D:6      | Killed axaxaxas' ghost
  4465 | D:6      | Reached XP level 9. HP: 23/43 MP: 7/12
  4733 | D:6      | Found a glowing golden altar of the Shining One.
  5011 | D:7      | Found an iron altar of Okawaru.
  5169 | D:7      | Noticed Joseph
  5182 | D:7      | Slain by Joseph

Action                   |  1- 3 |  4- 6 |  7- 9 || total
-------------------------+-------+-------+-------++-------
Melee: Unarmed           |    58 |   187 |   251 ||   496
  Use: Scroll            |     3 |     6 |     4 ||    13
       Potion            |       |       |     1 ||     1
 Stab: Sleeping          |     1 |       |       ||     1
  Eat: Bread ration      |       |     1 |       ||     1
       Meat ration       |       |     1 |     1 ||     2
       Beef jerky        |       |       |     1 ||     1
